 Dungeon Crawl Stone Soup version 0.32-a0-893-gf85d74f360 (webtiles) character file.

Game seed: 5198657546039104138

483 Heh the Slasher (level 7, -4/78 HPs)
             Began as a Coglin Berserker on Apr 3, 2024.
             Was a Priest of Trog.
             Slain by Duvessa
             ... wielding a +0 short sword
              (12 damage)
             ... on level 5 of the Dungeon.
             The game lasted 00:06:54 (3587 turns).

Heh the Slasher (Coglin Berserker)                  Turns: 3587, Time: 00:06:55

Health: -4/78      AC:  7    Str: 17    XL:     7   Next: 12%
Magic:  7/7        EV:  9    Int:  6    God:    Trog [***...]
Gold:   85         SH:  0    Dex: 16    Spells: 6/6 levels left

rFire   . . .        q - +2 whip (distort) {Edeltraud}
rCold   . . .        y - +1 whip (elec) {Hachiro}
rNeg    . . .        i - +0 scale mail
rPois   .            o - +0 helmet
rElec   .            (no cloak)
rCorr   .            (no gloves)
SInv    .            (no boots)
Will    .....        (amulet unavailable) Stlth
                     (ring unavailable)
HPRegen 0.33/turn    (ring unavailable)
MPRegen 0.10/turn    (no gizmo)

%: no passive effects
@: berserking, revved, very quick
A: off-hand wielding, slow wielding, warmup strikes, no jewellery
a: Invent Gizmo, Renounce Religion, Berserk, Trog's Hand


You were on level 5 of the Dungeon.
You worshipped Trog.
Trog was most pleased with you.
You visited 1 branch of the dungeon, and saw 5 of its levels.

You collected 195 gold pieces.
You spent 110 gold pieces at shops.

Inventory:

Hand Weapons
 a - a +0 falchion {Etsuko}
 c - a +0 dagger {Yayatum}
 n - a +1 dagger of draining {Qiang}
 q - a +2 whip of distortion (weapon) {Edeltraud}
 r - a +1 vampiric short sword
 y - a +1 whip of electrocution (offhand) {Hachiro}
Armour
 b - a +0 animal skin
 i - a +0 scale mail (worn)
 o - a +0 helmet (worn)
 p - a +0 ring mail
 s - a +0 chain mail
 u - a +0 plate armour
Wands
 E - a wand of polymorph (8)
Scrolls
 g - 2 scrolls of identify {unknown}
 j - a scroll of poison {unknown}
 k - a scroll of fear {unknown}
 t - a scroll of amnesia {unknown}
 w - 2 scrolls of teleportation {unknown}
 B - a scroll of revelation {unknown}
Potions
 d - 2 potions of brilliance {unknown}
 e - a potion of mutation {unknown}
 f - 3 potions of curing {unknown}
 h - a potion of attraction {unknown}
 l - 2 potions of resistance {unknown}
 m - 2 potions of might {unknown}
 v - 2 potions of magic {unknown}
 x - a potion of degeneration {unknown}
 z - 2 potions of heal wounds
 A - a potion of haste {unknown}
 C - a potion of ambrosia {unknown}
 D - a potion of enlightenment {unknown}


   Skills:
 - Level 3.0 Fighting
 - Level 5.7 Long Blades
 + Level 4.6 Maces & Flails
 - Level 1.7 Armour
 - Level 1.7 Dodging


You had 6 spell levels left.
You didn't know any spells.
Your spell library was empty.

Dungeon Overview and Level Annotations

Branches:
Dungeon (5/15)
 Temple: D:4-7

Altars:
Okawaru

Shops:
D:4 !

Annotations:
D:4 1 runed translucent door, yetimobile's ghost, amateur AtFi
D:5 Duvessa


Innate Abilities, Weirdness & Mutations

You can wield a second weapon in your off-hand.
It takes a long time for you to wield or remove held weapons.
Your first few attacks do less damage.
You cannot equip rings or amulets.


Message History

Trog accepts your kill.
Trog appreciates your killing of a magic user.
Duvessa screams, "No!
How DARE you!"
Duvessa goes berserk!
Duvessa hits you with a +0 short sword.
You hit Duvessa with your +2 whip of distortion.
Space warps around Duvessa.
Duvessa is lightly wounded.
You barely miss Duvessa with your +1 whip of electrocution.
Duvessa hits you with a +0 short sword! Duvessa hits you with a +0 short sword.
You hit Duvessa but do no damage.
Duvessa is lightly wounded.
You closely miss Duvessa with your +2 whip of distortion.
Duvessa hits you with a +0 short sword.
You hit Duvessa but do no damage.
Space warps horribly around Duvessa!
Duvessa is moderately wounded.
You hit Duvessa with your +1 whip of electrocution.
Duvessa hits you with a +0 short sword!
You are too injured to fight recklessly!
Unknown command.
You hit Duvessa with your +2 whip of distortion.
Duvessa is moderately wounded.
You closely miss Duvessa with your +1 whip of electrocution.
Duvessa closely misses you. Duvessa hits you with a +0 short sword!
* * * LOW HITPOINT WARNING * * *
A red film seems to cover your vision as you go berserk!
You feel yourself moving faster!
You feel mighty! Duvessa hits you with a +0 short sword.
* * * LOW HITPOINT WARNING * * *
An orc wizard comes into view. It is wielding a +0 dagger.
You barely miss Duvessa with your +2 whip of distortion.
Duvessa is moderately wounded.
The orc wizard shouts!
You whack Duvessa with your +1 whip of electrocution!
Duvessa hits you with a +0 short sword.
* * * LOW HITPOINT WARNING * * *
You hit Duvessa with your +1 whip of electrocution.
Duvessa is heavily wounded.
You hit Duvessa with your +2 whip of distortion.
Space warps horribly around Duvessa!
Duvessa hits you with a +0 short sword!
You die...

# #. ..# #..# #.#
.###. #.#.###..###.#
.o.. #.........)..#
#.. #.#####..###.#
#..###........###.#
###...##.............
#....))..#####.####..#
#.#.#)#### #.# #...
#@# #.. .... #e# ####
#.. #.# #.# ... #.#
#.# #.#


You could see Duvessa (berserk, fast) and an orc wizard.

Vanquished Creatures
  Dowan (D:5)
  A hound (D:4)
  3 orc priests
  Terence (D:3)
  3 iguanas
  2 orc wizards (D:5)
  Robin (D:2)
  2 adders
  3 ribbon worms
  A dart slug (D:2)
  14 orcs
  10 endoplasms
  3 giant cockroaches
  16 goblins
  14 hobgoblins
  6 quokkas
  6 ball pythons
  5 bats
  2 frilled lizards
  8 kobolds
  8 rats
110 creatures vanquished.

Notes
Turn   | Place    | Note
-------+----------+-------------------------------------------
     0 | D:1      | Heh the Coglin Berserker began the quest for the Orb.
     0 | D:1      | Reached XP level 1. HP: 18/18 MP: 1/1
    59 | D:1      | Reached XP level 2. HP: 16/24 MP: 2/2
   314 | D:1      | Reached skill level 4 in Long Blades
   317 | D:1      | Reached ** piety under Trog
   425 | D:1      | Reached XP level 3. HP: 29/29 MP: 3/3
  1030 | D:2      | Noticed Robin
  1037 | D:2      | Killed Robin
  1038 | D:2      | Reached XP level 4. HP: 19/35 MP: 4/4
  1140 | D:2      | Reached skill level 5 in Long Blades
  1436 | D:2      | Found an iron altar of Okawaru.
  2132 | D:3      | Noticed Terence
  2143 | D:3      | Killed Terence
  2144 | D:3      | Reached XP level 5. HP: 29/41 MP: 5/5
  2648 | D:4      | Found Abbusch's Distillery.
  2656 | D:4      | Bought a potion of heal wounds for 55 gold pieces
  2656 | D:4      | Bought a potion of heal wounds for 55 gold pieces
  2856 | D:4      | Found a runed translucent door.
  2858 | D:4      | Noticed yetimobile's ghost (amateur AtFi)
  3059 | D:4      | Reached skill level 1 in Maces & Flails
  3063 | D:4      | Reached *** piety under Trog
  3110 | D:4      | Reached XP level 6. HP: 47/47 MP: 6/6
  3169 | D:4      | Identified the +9 dagger of Hoegask {antimagic, rElec rF+}
  3519 | D:5      | Entered Level 5 of the Dungeon
  3572 | D:5      | Noticed Dowan
  3577 | D:5      | Reached XP level 7. HP: 49/52 MP: 7/7
  3577 | D:5      | Noticed Duvessa
  3580 | D:5      | Killed Dowan
  3587 | D:5      | Slain by Duvessa

Illustrated notes

Levels and vault maps discovered:
D:1:      dpeg_arrival_simpleton_a, layout_basic
D:2:      layout_basic, basic_altar, uniq_robin
D:3:      kennysheep_big_flooded_room, layout_basic, small_statue_intersection,
          uniq_terence
D:4:      minmay_chambers_of_threes, layout_basic, serial_shops, shop,
          gammafunk_ghost_grave
D:5:      layout_loops_ring, nicolae_tso_besieged_by_evil,
          lightli_temple_of_fire, amcnicky_mini_pool_small, uniq_sigmund,
          uniq_duvessa, uniq_pikel

Skill      XL: |  1  2  3  4  5  6 |
---------------+-------------------+-----
Long Blades    | 4 5 |  5.7
Maces & Flails | 2 4 |  4.6
Fighting       | |  3.0
Armour         | |  1.7
Dodging        | |  1.7

Action                     |  1- 3 |  4- 6 |  7- 9 || total
---------------------------+-------+-------+-------++-------
  Melee: Dagger            |    78 |    51 |       ||   129
         Falchion          |    79 |    57 |       ||   136
         Whip              |       |   117 |    16 ||   133
 Invoke: Berserk           |       |     1 |     1 ||     2
 Armour: Animal skin       |    14 |       |       ||    14
         Scale mail        |    28 |    66 |    10 ||   104
         Skin              |       |     3 |       ||     3
         Plate armour      |       |     2 |       ||     2
  Dodge: Dodged            |    43 |    62 |     2 ||   107

Table legend: (Time is in decaauts)
 A = Elapsed time spent in this place.
 B = Non-inter-level travel time spent in this place.
 C = Inter-level travel time spent in this place.
 D = Time resting spent in this place.
 E = Time spent auto-exploring this place.
 F = Levels seen in this place.
 G = Mean time per level.
                   A        B        C        D        E       F      G
               +--------+--------+--------+--------+--------+-----+--------+
         Total |   3595 |   3461 |    134 |      0 |   2752 |   5 |  719.0 |
       Dungeon |   3595 |   3461 |    134 |      0 |   2752 |   5 |  719.0 |
               +--------+--------+--------+--------+--------+-----+--------+

Top non-repeatable levels by time:
     D:2: 1118 daAuts
     D:4: 922 daAuts
     D:1: 905 daAuts
     D:3: 582 daAuts
     D:5: 65 daAuts
